 Dungeon Crawl Stone Soup version 0.28.0-43-g3370ac3207 (webtiles) character file.

Game seed: 9634286517437129056

60 cehos the Skirmisher (level 4, 0/41 HPs)
             Began as a Hill Orc Abyssal Knight on Mar 11, 2022.
             Was a Believer of Lugonu.
             Slain by Terence
             ... wielding a +0 flail
              (7 damage)
             ... on level 2 of the Dungeon.
             The game lasted 00:02:55 (1230 turns).

cehos the Skirmisher (Hill Orc Abyssal Knight)      Turns: 1230, Time: 00:02:56

Health: 0/41       AC:  9    Str: 15    XL:     4   Next: 4%
Magic:  6/6        EV:  6    Int: 12    God:    Lugonu [**....]
Gold:   16         SH:  0    Dex: 11    Spells: 3/3 levels left

rFire   . . .      SeeInvis .   a - +1 hand axe
rCold   . . .      Faith    .   (no shield)
rNeg    . . .      Spirit   .   c - +0 chain mail
rPois   .          Reflect  .   (no helmet)
rElec   .          Harm     .   (no cloak)
rCorr   .          Rampage  .   (no gloves)
Will    .....                   (no boots)
Stlth   ..........              (no amulet)
HPRegen 0.13/turn               (no ring)
MPRegen 0.10/turn               (no ring)

@: no status effects
A: no striking features
a: Renounce Religion, Depart the Abyss, Bend Space


You were on level 2 of the Dungeon.
You worshipped Lugonu.
Lugonu was pleased with you.
You visited 1 branch of the dungeon, and saw 2 of its levels.
You visited the Abyss 1 time.

You collected 16 gold pieces.

Inventory:

Hand Weapons
 a - a +1 hand axe (weapon)
Armour
 b - a +0 leather armour
 c - a +0 chain mail (worn)
 d - a +0 ring mail
Scrolls
 e - a scroll of brand weapon {unknown}
 f - a scroll of amnesia {unknown}
 h - a scroll of immolation {unknown}
Potions
 g - a potion of cancellation {unknown}


   Skills:
 + Level 4.8 Fighting
 + Level 3.5 Axes
 + Level 2.8 Armour
 + Level 0.9 Dodging
 + Level 2.7 Invocations


You had 3 spell levels left.
You didn't know any spells.
Your spell library was empty.

Dungeon Overview and Level Annotations

Branches:
Dungeon (2/15)

Altars:

Annotations:
D:2 Terence


Message History

You hit Terence but do no damage.
Terence is lightly wounded.
Terence closely misses you. Terence hits you but does no damage.
You hit Terence but do no damage.
Terence is lightly wounded.
Terence hits you with a +0 flail!
You don't know any spells.
Okay, then.
Space bends around you!
You blink.
Terence screams, "I'm going to kill you!"
You see here a ball python corpse.
There is an escape hatch in the floor here.
You hit Terence but do no damage.
Terence is lightly wounded.
Terence hits you with a +0 flail.
You barely miss Terence.
Terence is lightly wounded.
Terence shouts, "Get ready for death!"
Terence hits you with a +0 flail!
You hit Terence but do no damage.
Terence is lightly wounded.
Terence hits you but does no damage. x2
You hit Terence.
Terence is moderately wounded.
Terence hits you with a +0 flail.
You hit Terence.
Terence is heavily wounded.
Terence hits you with a +0 flail.
* * * LOW HITPOINT WARNING * * *
You hit Terence but do no damage.
Terence is heavily wounded.
Terence barely misses you.
You hit Terence.
Terence is heavily wounded.
Terence hits you with a +0 flail.
* * * LOW HITPOINT WARNING * * *
Unknown command.
There is an open door here.
You open the door. Terence hits you with a +0 flail!
You die...

####+## #.....# .....# ....# ...
#'# ... ###############@### ...
.............#.@..# ... #
........####.#....# ########.# #
#######.# #.#....# #.....##.# #
### #.# #.#....# #.....##.# #
.....###.####.#....###.....##.###
...................).'.....'.....
.....###..########'###.....##.###
... ##.###........#.....##....


You could see Terence.

Vanquished Creatures
  A hound (D:2)
  A dart slug (D:1)
  6 ball pythons
  An endoplasm (D:1)
  A giant cockroach (D:1)
  4 goblins
  2 hobgoblins
  4 jackals (D:1)
  A quokka (D:1)
  A frilled lizard (D:1)
  A kobold (D:1)
  3 rats (D:1)
26 creatures vanquished.

Notes
Turn   | Place    | Note
-------+----------+-------------------------------------------
     0 | Abyss:1  | cehos the Hill Orc Abyssal Knight began the quest for the
                  | Orb.
     0 | Abyss:1  | Reached XP level 1. HP: 19/19 MP: 2/2
     7 | D:1      | Escaped the Abyss
   168 | D:1      | Reached XP level 2. HP: 13/27 MP: 3/3
   331 | D:1      | Reached skill level 4 in Fighting
   566 | D:1      | Reached ** piety under Lugonu
   741 | D:1      | Reached XP level 3. HP: 34/34 MP: 4/4
   849 | D:1      | You fall into a shaft and drop 1 floor!
  1099 | D:2      | Reached XP level 4. HP: 41/41 MP: 6/6
  1172 | D:2      | Noticed Terence
  1230 | D:2      | Slain by Terence

Illustrated notes

Levels and vault maps discovered:
D:1:      minmay_arrival_checkered_box, layout_loops_corners,
          ebering_ecumenical_altar_sacrificial
D:2:      layout_basic, uniq_terence

Skill      XL: |  1  2  3 |
---------------+----------+-----
Fighting       | 4 |  4.8
Axes           | 3 |  3.5
Armour         | |  2.8
Dodging        | |  0.9
Invocations    | |  2.7

Action                   |  1- 3 |  4- 6 || total
-------------------------+-------+-------++-------
Melee: Hand axe          |    93 |    23 ||   116
       Punch             |     2 |       ||     2
Invok: Bend Space        |       |     1 ||     1
Armor: Chain mail        |    72 |    10 ||    82
Dodge: Dodged            |    28 |     6 ||    34
